 Dungeon Crawl Stone Soup version 0.20.1-1-g8b1a95d (webtiles) character file.

1051 Atash the Cleaver (level 8, 0/70 HPs)
             Began as a Minotaur Berserker on Oct 16, 2017.
             Was a Priest of Trog.
             Slain by an ice beast (8 damage)
             ... on level 6 of the Dungeon.
             The game lasted 00:10:30 (3992 turns).

Atash the Cleaver (Minotaur Berserker)              Turns: 3992, Time: 00:10:30

Health: 0/70       AC: 13    Str: 22    XL:     8   Next: 5%
Magic:  7/7        EV:  9    Int:  4    God:    Trog [***...]
Gold:   168        SH:  0    Dex: 16    Spells: 7/7 levels left

rFire    . . .     SeeInvis .   i - +0 hand axe (distort)
rCold    . . .     Gourm    .   (no shield)
rNeg     . . .     Faith    .   s - +0 chain mail
rPois    .         Spirit   .   (helmet restricted)
rElec    .         Reflect  .   (no cloak)
rCorr    .         Harm     .   (no gloves)
MR       +....                  k - +2 pair of boots
Stlth    ..........             I - amulet of rage
Regen    0.3/turn               n - +4 ring of dexterity
MPRegen  0.1/turn               u - ring of protection from magic

@: no status effects
A: retaliatory headbutt, horns 2
a: Berserk, Trog's Hand, Burn Spellbooks, Renounce Religion, Evoke Berserk Rage


You were on level 6 of the Dungeon.
You worshipped Trog.
Trog was most pleased with you.
You were not hungry.

You visited 1 branch of the dungeon, and saw 6 of its levels.
You also visited: Sewer.

You collected 324 gold pieces.
You spent 156 gold pieces at shops.

Inventory:

Hand Weapons
 i - a +0 hand axe of distortion (weapon)
Armour
 k - a +2 pair of boots (worn)
 s - a +0 chain mail (worn)
Jewellery
 n - a +4 ring of dexterity (left hand)
 u - a ring of protection from magic (right hand)
 I - an amulet of rage (around neck)
 K - an uncursed ring of fire
Wands
 m - a wand of polymorph (8/24)
 r - a wand of flame (39/48)
 x - a wand of iceblast (9/15)
Scrolls
 a - a scroll of immolation {unknown}
 b - 3 scrolls of enchant weapon {unknown}
 d - a scroll of recharging {unknown}
 h - a scroll of fog
 j - 2 scrolls of identify
 o - 4 scrolls of remove curse {unknown}
 p - 7 scrolls of teleportation {unknown}
 q - 3 scrolls of enchant armour {unknown}
 v - a scroll of magic mapping {unknown}
 y - a scroll of fear {unknown}
 C - 2 scrolls of blinking {unknown}
 E - a scroll of noise {unknown}
Potions
 e - 2 potions of agility {unknown}
 f - a potion of magic {unknown}
 g - a potion of might {unknown}
 t - 2 potions of brilliance {unknown}
 z - 2 potions of invisibility {unknown}
 A - 2 potions of flight {unknown}
 B - 2 potions of mutation {unknown}
 D - a potion of haste {unknown}
 H - a potion of degeneration {unknown}
 J - 2 potions of lignification {unknown}
 L - 2 potions of berserk rage {unknown}
Comestibles
 c - 6 bread rations
 l - a royal jelly
 w - a meat ration
 G - 8 chunks of flesh


   Skills:
 + Level 5.7 Fighting
 * Level 9.8 Axes
 + Level 5.0 Armour
 - Level 2.1 Dodging
 + Level 1.1 Stealth


You had 7 spell levels left.
You didn't know any spells.

Dungeon Overview and Level Annotations

Branches:
Dungeon (6/15)
 Temple: D:4-7

Altars:
Cheibriados
Okawaru
Uskayaw
Yredelemnul

Shops:
D:4 *   D:6 [


Innate Abilities, Weirdness & Mutations

You reflexively headbutt those who attack you in melee.
You have a pair of horns on your head.


Message History

The orc warrior is severely wounded.
The orc warrior hits you with a halberd!!
You are too injured to fight recklessly!
You are too injured to fight recklessly!
You are too injured to fight recklessly!
You are too injured to fight recklessly!
You hit the orc warrior.
Space bends around the orc warrior.
The orc warrior is almost dead.
The orc warrior hits you with a halberd!
* * * LOW HITPOINT WARNING * * *
An ice beast comes into view.
Okay, then.
As you read the scroll of fog, it crumbles to dust.
The scroll dissolves into smoke.
The orc warrior hits you from afar with a halberd.
* * * LOW HITPOINT WARNING * * *
The ice beast hits you.
* * * LOW HITPOINT WARNING * * *
The ice beast freezes you!
You die...

### #.. #.# #Y# #@#
#§# #########o# #.#
.......§§§# #.#
#############§#§###
#.#
##..........#.###..
#.#
.....######.##.#.###
#..
.#.#.######.##...##
#.#
..................#
#.#


You could see an orc warrior and an ice beast.

Vanquished Creatures
  A phantom (D:4)
  An ogre (D:4)
  An ice beast (D:5)
  A centaur (D:4)
  Blork the orc (D:4)
  2 howler monkeys (D:5)
  2 centaur skeletons (D:5)
  2 bullfrog skeletons (D:4)
  2 hounds
  An orc wizard (D:6)
  Terence (D:2)
  5 worker ants
  A hound skeleton (D:5)
  5 adders
  An ooze (Sewer)
  3 dart slugs
  5 leopard geckos
  9 orcs
  8 bats
  11 giant cockroaches
  7 goblins
  3 hobgoblins
  11 jackals
  4 kobolds (D:1)
  2 quokkas (D:3)
  2 ball pythons (Sewer)
  7 frilled lizards
  A quokka skeleton (D:4)
  4 rats
  A fungus (D:1)
105 creatures vanquished.

Vanquished Creatures (others)
  An ice beast (D:5)
  A gnoll (D:5)
2 creatures vanquished.

Grand Total: 107 creatures vanquished

Notes
Turn   | Place    | Note
-------+----------+-------------------------------------------
     0 | D:1      | Atash the Minotaur Berserker began the quest for the Orb.
     0 | D:1      | Reached XP level 1. HP: 19/19 MP: 0/0
   151 | D:1      | Reached XP level 2. HP: 24/27 MP: 1/1
   151 | D:1      | Reached skill level 4 in Axes
   664 | D:1      | Reached XP level 3. HP: 30/33 MP: 2/2
   929 | D:2      | Found a hide-covered altar of Uskayaw.
   946 | D:2      | Reached ** piety under Trog
  1129 | D:2      | Found a snail-covered altar of Cheibriados.
  1172 | D:2      | Noticed Terence
  1423 | D:2      | HP: 2/49 [Terence/hand axe of distortion (11)]
  1424 | D:2      | Killed Terence
  1424 | D:2      | Reached skill level 5 in Axes
  1424 | D:2      | Reached XP level 4. HP: 3/40 MP: 3/3
  2125 | D:3      | You fall through a shaft!
  2125 | D:4      | Noticed an ogre
  2130 | D:4      | Killed an ogre
  2130 | D:4      | Reached skill level 6 in Axes
  2130 | D:4      | Reached XP level 5. HP: 47/47 MP: 4/4
  2195 | D:4      | Found Irudgh's Incredible Inventory.
  2203 | D:4      | Bought a wand of iceblast (9/15) for 156 gold pieces
  2224 | D:4      | Found a glowing drain.
  2224 | D:4      | Noticed Blork the orc
  2228 | D:4      | Killed Blork the orc
  2228 | D:4      | Reached skill level 7 in Axes
  2228 | D:4      | Reached XP level 6. HP: 55/55 MP: 5/5
  2230 | D:4      | Reached skill level 5 in Fighting
  2279 | Sewer    | Entered a sewer
  2673 | D:4      | Reached *** piety under Trog
  3200 | D:4      | Reached skill level 1 in Stealth
  3200 | D:4      | Reached XP level 7. HP: 61/61 MP: 6/6
  3275 | D:4      | Reached skill level 8 in Axes
  3289 | D:5      | Entered Level 5 of the Dungeon
  3321 | D:5      | Found a basalt altar of Yredelemnul.
  3608 | D:5      | Reached skill level 9 in Axes
  3811 | D:5      | Found an iron altar of Okawaru.
  3839 | D:5      | Reached XP level 8. HP: 69/69 MP: 7/7
  3910 | D:6      | Found Qocviaf's Antique Armour Shop.
  3978 | D:6      | Reached skill level 5 in Armour
  3992 | D:6      | Slain by an ice beast

Skill      XL: |  1  2  3  4  5  6  7  8 |
---------------+-------------------------+-----
Fighting       | 4 5 |  5.7
Axes           | 4 5 6 7 9 |  9.8
Armour         | 3 4 5 |  5.0
Stealth        | 1 |  1.1
Dodging        | |  2.1

Action                   |  1- 3 |  4- 6 |  7- 9 || total
-------------------------+-------+-------+-------++-------
Melee: Hand axe          |    60 |    79 |    64 ||   203
       Headbutt          |    10 |    20 |    17 ||    47
Invok: Berserk           |     2 |     2 |       ||     4
  Use: Scroll            |       |     2 |     1 ||     3
  Eat: Chunk             |     2 |     8 |     3 ||    13
Armor: Animal skin       |     9 |       |       ||     9
       Ring mail         |     4 |       |       ||     4
       Chain mail        |       |    49 |    30 ||    79
Dodge: Dodged            |    40 |    29 |    34 ||   103
